Workbook

Sheet Приложение 1
B1: Приложение 1 к решению Совета депутатов Дубенского сельского поселения Дубенского муниципального района Республики Мордовия «О бюджете Дубенского сельского поселения Дубенского муниципального района Республики Мордовия на 2022 год и на плановый период 2023 и 2024 годов»
A2: НОРМАТИВЫ РАСПРЕДЕЛЕНИЯ ДОХОДОВ МЕЖДУ БЮДЖЕТОМ ДУБЕНСКОГО МУНИЦИПАЛЬНОГО РАЙОНА РЕСПУБЛИКИ МОРДОВИЯ И БЮДЖЕТОМ ДУБЕНСКОГО СЕЛЬСКОГО ПОСЕЛЕНИЯ ДУБЕНСКОГО МУНИЦИПАЛЬНОГО РАЙОНА РЕСПУБЛИКИ МОРДОВИЯ НА 2022 ГОД И НА ПЛАНОВЫЙ ПЕРИОД 2023 И 2024 ГОДОВ (в процентах от сумм, зачисляемых в консолидированный бюджет муниципального района Республики Мордовия)
A4: Наименование дохода | B4: Местные бюджеты,%
B5: Бюджет муниципального района | C5: Бюджеты поселений
A6: 1 | B6: 2 | C6: 3
A7: Доходы от федеральных налогов и сборов
A8: В части погашения задолженности и перерасчетов по отмененным налогам, сборам и иным обязательным платежам
A9: Земельный налог (по обязательствам, возникшим до 1 января 2006 года), мобилизуемый на территориях поселений | B9: 0 | C9: 100 | F9: 100
A10: В части доходов от оказания платных услуг (работ) и компенсации затрат государства
A11: Прочие доходы от оказания платных услуг (работ) получателями средств бюджетов поселений | B11: 0 | C11: 100 | F11: 100
A12: Прочие доходы от компенсации затрат бюджетов поселений | B12: 0 | C12: 100 | F12: 100
A13: В части административных платежей и сборов
A14: Платежи, взимаемые органами местного самоуправления (организациями) поселений за выполнение определенных функций | B14: 0 | C14: 100 | F14: 100
A15: В части штрафов, санкций, возмещение ущерба
A16: Доходы от возмещения ущерба при возникновении страховых случаев, когда выгодоприобретателями выступают получатели средств бюджетов поселений | B16: 0 | C16: 100 | F16: 100
A17: Денежные взыскания (штрафы) и иные суммы, взыскиваемые с лиц, виновных в совершении преступлений, и в возмещение ущерба имуществу, зачисляемые в бюджеты поселений | B17: 0 | C17: 100 | F17: 100
A18: Денежные взыскания, налагаемые в возмещение ущерба, причиненного в результате незаконного или нецелевого использования бюджетных средств (в части бюджетов поселений) | B18: 0 | C18: 100 | F18: 100
A19: Прочие поступления от денежных взысканий (штрафов) и иных сумм в возмещение ущерба, зачисляемые в бюджеты поселений | B19: 0 | C19: 100 | F19: 100
A20: В части прочих неналоговых доходов
A21: Невыясненные поступления, зачисляемые в бюджеты поселений | B21: 0 | C21: 100 | F21: 100
A22: Прочие неналоговые доходы бюджетов поселений | B22: 0 | C22: 100 | F22: 100

Sheet Приложение 2
C1: Приложение 2 к решению Совета депутатов Дубенского сельского поселения Дубенского муниципального района Республики Мордовия «О бюджете Дубенского сельского поселения Дубенского муниципального района Республики Мордовия на 2022 год и на плановый период 2023 и 2024 годов»
A6: ОБЪЕМ БЕЗВОЗМЕЗДНЫХ ПОСТУПЛЕНИЙ В БЮДЖЕТ ДУБЕНСКОГО СЕЛЬСКОГО ПОСЕЛЕНИЯ ДУБЕНСКОГО МУНИЦИПАЛЬНОГО РАЙОНА РЕСПУБЛИКИ МОРДОВИЯ НА 2022 ГОД И НА ПЛАНОВЫЙ ПЕРИОД 202023 И 2024 ГОДОВ
E7: (тыс. рублей)
A8: Код | B8: Наименование | C8: Сумма
C9: 2022 год | D9: 2023 год | E9: 2024 год
A10: 1 | B10: 2 | C10: 3 | D10: 4 | E10: 5
A11: 2 00 00000 00 0000 000 | B11: Безвозмездные поступления | C11: 3650.4 | D11: 1809.4 | E11: 1910.3
A12: 2 02 00000 00 0000 000 | B12: Безвозмездные поступления от других бюджетов бюджетной системы Российской Федерации | C12: 0 | D12: 0 | E12: 0
A13: 2 02 10000 00 0000 150 | B13: Дотации бюджетам бюджетной системы Российской Федерации | C13: =C14+C16 -> 0 | D13: =D14+D16 -> 0 | E13: 0
A14: 2 02 15001 00 0000 150 | B14: Дотации на выравнивание бюджетной обеспеченности | C14: =C15 -> 0 | D14: 0 | E14: 0
A15: 2 02 15001 10 0000 150 | B15: Дотации бюджетам сельских поселений на выравнивание бюджетной обеспеченности из бюджета субъекта Российской Федерации | C15: 0 | D15: 307.2 | E15: 0
A16: 2 02 15002 00 0000 150 | B16: Дотации бюджетам на поддержку мер по обеспечению сбалансированности бюджетов | C16: 0 | D16: =D17 -> 0 | E16: 0
A17: 2 02 15002 10 0000 150 | B17: Дотации бюджетам сельских поселений на поддержку мер по обеспечению сбалансированности бюджетов | C17: 0 | D17: 0 | E17: 0
A18: 2 02 20000 00 0000 150 | B18: Субсидии бюджетам бюджетной системы Российской Федерации (межбюджетные субсидии) | C18: 0 | D18: =D19 -> 0 | E18: =E19 -> 0
A19: 2 02 29999 10 0000 150 | B19: Прочие субсидии бюджетам сельских поселений | C19: 0 | D19: 0 | E19: 0
A20: 2 02 30000 00 0000 150 | B20: Субвенции бюджетам бюджетной системы Российской Федерации | C20: 0 | D20: 0 | E20: 0
A21: 2 02 30024 00 0000 150 | B21: Субвенции местным бюджетам на выполнение передаваемых полномочий субъектов Российской Федерации | C21: 1 | D21: 1 | E21: 1
A22: 2 02 30024 10 0000 150 | B22: Субвенции бюджетам сельских поселений на выполнение передаваемых полномочий субъектов Российской Федерации | C22: 1 | D22: 1 | E22: 1
A23: 2 02 35118 00 0000 150 | B23: Субвенции бюджетам на осуществление первичного воинского учета органами местного самоуправления поселений, муниципальных и городских округов | C23: 247.2 | D23: 255.4 | E23: 264.6
A24: 2 02 35118 10 0000 150 | B24: Субвенции бюджетам сельских поселений на осуществление первичного воинского учета органами местного самоуправления поселений, муниципальных и городских округов | C24: 247.2 | D24: 255.4 | E24: 264.6
A25: 2 02 40000 00 0000 150 | B25: Иные межбюджетные трансферты | C25: 3403.2 | D25: 1461 | E25: 1549.5
A26: 2 02 40014 00 0000 150 | B26: Межбюджетные трансферты, передаваемые бюджетам муниципальных образований на осуществление части полномочий по решению вопросов местного значения в соответствии с заключенными соглашениями | C26: 1440 | D26: 1461 | E26: 1549.5
A27: 2 02 40014 10 0000 150 | B27: Межбюджетные трансферты, передаваемые бюджетам сельских поселений из бюджетов муниципальных районов на осуществление части полномочий по решению вопросов местного значения в соответствии с заключенными соглашениями | C27: 1440,0, | D27: 1461 | E27: 1549.5
A28: 2 02 49999 00 0000 150 | B28: Прочие межбюджетные трансферты, передаваемые бюджетам | C28: =C31 -> 1963.2 | D28: =D31 -> 0 | E28: =E31 -> 0
A29: 2 02 49999 10 0000 150 | B29: Прочие межбюджетные трансферты, передаваемые бюджетам сельских поселений
A30: 1 17 14000 00 0000 150 | B30: Средства самообложения граждан | C30: 1963.2 | D30: 0 | E30: 0
A31: 1 17 14030 10 0000 150 | B31: Средства самообложения граждан,зачисляемые в бюджеты сельских поселений | C31: 1963.2 | D31: 0 | E31: 0
C32: 348.1 | D32: 361.7 | E32: 382.1
C33: =C32+C11 -> 3998.5 | D33: =D32+D11 -> 2171.1 | E33: =E32+E11 -> 2292.4
D34: 2201.9 | E34: 2199.2
D35: =D34-D20-D25 -> 740.9 | E35: =E34-E20-E25 -> 649.7
D36: =D35*2.5% -> 18.5225 | E36: =E35*5% -> 32.485

Sheet Приложение 3
I1: Приложение 3 к решению Совета депутатов Дубенского сельского поселения Дубенского муниципального района Республики Мордовия «О бюджете Дубенского сельского поселения Дубенского муниципального района Республики Мордовия на 2022 год и на плановый период 2023 и 2024 годов»
A2: ВЕДОМСТВЕННАЯ СТРУКТУРА РАСХОДОВ БЮДЖЕТА ДУБЕНСКОГО СЕЛЬСКОГО ПОСЕЛЕНИЯ ДУБЕНСКОГО МУНИЦИПАЛЬНОГО РАЙОНА РЕСПУБЛИКИ МОРДОВИЯ НА 2022 ГОД И НА ПЛАНОВЫЙ ПЕРИОД 2023 И 2024 ГОДОВ
I3: (тыс. рублей)
A4: Наименование | B4: Адм | C4: Рз | D4: Прз | E4: Цср | I4: Вр | J4: Сумма
J5: 2022 год | K5: 2023 год | L5: 2024 год
A6: 1 | B6: 2 | C6: 3 | D6: 4 | E6: 5 | F6: 6 | G6: 7 | H6: 8 | I6: 9 | J6: 10 | K6: 11 | L6: 12
A7: ВСЕГО | J7: 7739.8 | K7: 6048.3 | L7: 5590.3
A8: Администрация Дубенского сельского поселения Дубенского муниципального района Республики Мордовия | B8: 903
A9: Общегосударственные вопросы | B9: 903 | C9: 01 | J9: 324 | K9: 314 | L9: 317
A10: Функционирование Правительства Российской Федерации, высших исполнительных органов государственной власти субъектов Российской Федерации, местных администраций | B10: 903 | C10: 01 | D10: 04 | J10: 320 | K10: 310 | L10: 313
A11: Непрограммные расходы главных распорядителей бюджетных средств Республики Мордовия | B11: 903 | C11: 01 | D11: 04 | E11: 65 | F11: 0 | J11: 301 | K11: 286 | L11: 294
A12: Непрограммные расходы главных распорядителей бюджетных средств Республики Мордовия | B12: 903 | C12: 01 | D12: 04 | E12: 65 | F12: 0 | G12: 0 | J12: 301 | K12: 286 | L12: 294
A13: Прочая закупка товаров, работ и услуг | B13: 903 | C13: 01 | D13: 04 | E13: 65 | F13: 0 | G13: 01 | H13: 41120 | I13: 244 | J13: 300 | K13: 285 | L13: 293
A14: Иные бюджетные ассигнования | B14: 903 | C14: 01 | D14: 04 | E14: 65 | F14: 0 | G14: 01 | H14: 41120 | I14: 831 | J14: 20 | K14: 25 | L14: 20
A15: Резервные фонды | B15: 903 | C15: 01 | D15: 11 | J15: 3 | K15: 3 | L15: 3
A16: Непрограммные расходы главных распорядителей бюджетных средств Республики Мордовия | B16: 903 | C16: 01 | D16: 11 | E16: 89 | F16: 0 | J16: 3 | K16: 3 | L16: 3
A17: Непрограммные расходы в рамках обеспечения деятельности главных распорядителей бюджетных средств Республики Мордовия | B17: 903 | C17: 01 | D17: 11 | E17: 89 | F17: 1 | J17: 3 | K17: 3 | L17: 3
A18: Резервный фонд администрации Дубенского сельского поселения Дубенского муниципального района Республики Мордовия | B18: 903 | C18: 01 | D18: 11 | E18: 89 | F18: 1 | G18: 00 | H18: 41180 | J18: 3 | K18: 3 | L18: 3
A19: Резервные средства | B19: 903 | C19: 01 | D19: 11 | E19: 89 | F19: 1 | G19: 00 | H19: 41180 | I19: 870 | J19: 3 | K19: 3 | L19: 3
A20: Национальная оборона | B20: 903 | C20: 02 | J20: 247.2 | K20: 255.4 | L20: 264.6
A21: Мобилизационная и вневойсковая подготовка | B21: 903 | C21: 02 | D21: 03 | J21: 247.2 | K21: 255.4 | L21: 264.6
A22: Непрограммные расходы главных распорядителей бюджетных средств Республики Мордовия | B22: 903 | C22: 02 | D22: 03 | E22: 89 | F22: 0 | J22: 247.2 | K22: 255.4 | L22: 264.6
A23: Непрограммные расходы в рамках обеспечения деятельности главных распорядителей бюджетных средств Республики Мордовия | B23: 903 | C23: 02 | D23: 03 | E23: 89 | F23: 1 | J23: 247.2 | K23: 255.4 | L23: 264.6
A24: Осуществление государственных полномочий Российской Федерации по первичному воинскому учету на территориях, где отсутствуют военные комиссариаты | B24: 903 | C24: 02 | D24: 03 | E24: 89 | F24: 1 | G24: 00 | H24: 51180 | J24: 247.2 | K24: 255.4 | L24: 264.6
A25: Расходы на выплаты персоналу в целях обеспечения выполнения функций государственными (муниципальными) органами, казенными учреждениями, органами управления государственными внебюджетными фондами | B25: 903 | C25: 02 | D25: 03 | E25: 89 | F25: 1 | G25: 00 | H25: 51180 | I25: 100 | J25: 189.8 | K25: 196.2 | L25: 203.2
A26: Расходы на выплаты персоналу государственных (муниципальных) органов | B26: 903 | C26: 02 | D26: 03 | E26: 89 | F26: 1 | G26: 00 | H26: 51180 | I26: 120 | J26: 189.8 | K26: 196.2 | L26: 203.2
A27: Фонд оплаты труда государственных (муниципальных) органов | B27: 903 | C27: 02 | D27: 03 | E27: 89 | F27: 1 | G27: 00 | H27: 51180 | I27: 121 | J27: 189.8 | K27: 196.2 | L27: 203.2
A28: Взносы по обязательному социальному страхованию на выплаты денежного содержания и иные выплаты работникам государственных (муниципальных) органов | B28: 903 | C28: 02 | D28: 03 | E28: 89 | F28: 1 | G28: 00 | H28: 51180 | I28: 129 | J28: 57.3 | K28: 59.2 | L28: 61.3
A29: Национальная экономика | B29: 903 | C29: 04 | J29: 1440 | K29: 1461 | L29: 1549.5
A30: Дорожное хозяйство (дорожные фонды) | B30: 903 | C30: 04 | D30: 09 | J30: 1440 | K30: 1461 | L30: 1549.5
A31: Непрограммные расходы в рамках обеспечения деятельности главных распорядителей бюджетных средств Республики Мордовия | B31: 903 | C31: 04 | D31: 09 | E31: 13 | J31: 1440 | K31: 1461 | L31: 1549.5
A32: Основное мероприятие "Содержание автомобильных дорог общего пользования и инженерных сооружений на них" | B32: 903 | C32: 04 | D32: 09 | E32: 13 | F32: 0 | G32: 01 | J32: 1440 | K32: 1461 | L32: 1549.5
A33: Финансовое обеспечение расходных обязательств поселений по переданным полномочиям муниципального района Республики Мордовия | B33: 903 | C33: 04 | D33: 09 | E33: 13 | F33: 0 | G33: 01 | H33: 44100 | J33: 1440 | K33: 1461 | L33: 1549.5
A34: Осуществление полномочий по дорожной деятельности в отношении автомобильных дорог местного значения в границах населенных пунктов поселения и обеспечению безопасности дорожного движения на них, включая создание и обеспечение функционирования парковок (парковочных мест), осуществление муниципального контроля за сохранностью автомобильных дорог местного значения в границах населенных пунктов поселения, организация дорожного движения, а также осуществление иных полномочий в области использования автомобильных дорог и осуществления дорожной деятельности в соответствии с законодательством Российской Федерации | B34: 903 | C34: 04 | D34: 09 | E34: 13 | F34: 0 | G34: 01 | H34: 44102 | J34: 1440 | K34: 1461 | L34: 1549.5
A35: Прочая закупка товаров, работ и услуг | B35: 903 | C35: 04 | D35: 09 | E35: 13 | F35: 0 | G35: 01 | H35: 44102 | I35: 244 | J35: 1440 | K35: 1461 | L35: 1549.5
A36: Жилищно-коммунальное хозяйство | B36: 903 | C36: 05 | J36: 5801.2 | K36: 3698.2 | L36: 3328.2
A37: Благоустройство | B37: 903 | C37: 05 | D37: 03 | J37: 800 | K37: 821.7 | L37: 823
A38: Непрограммные расходы в рамках обеспечения деятельности главных распорядителей бюджетных средств Республики Мордовия | B38: 903 | C38: 05 | D38: 03 | E38: 27 | F38: 0 | J38: 800 | K38: 821.7 | L38: 823
A39: Основное мероприятие "Текущее содержание и обслуживание наружных сетей уличного освещения территории сельского поселения" | B39: 903 | C39: 05 | D39: 03 | E39: 27 | F39: 0 | G39: 01 | J39: 800 | K39: 821.7 | L39: 823
A40: Мероприятия по благоустройству территириий городских округов и поселений | B40: 903 | C40: 05 | D40: 03 | E40: 27 | F40: 0 | G40: 01 | H40: 43010 | I40: 247 | J40: 800 | K40: 821.7 | L40: 823
A41: Уличное освещение | B41: 903 | C41: 05 | D41: 03 | E41: 27 | F41: 0 | G41: 01 | H41: 43010 | J41: 361.6 | K41: 419 | L41: 360.7
A42: Закупка товаров, работ и услуг для обеспечения государственных (муниципальных) нужд | B42: 903 | C42: 05 | D42: 03 | E42: 27 | F42: 0 | G42: 01 | H42: 43010 | J42: 361.6 | K42: 419 | L42: 360.7
A43: Иные закупки товаров, работ и услуг для обеспечения государственных (муниципальных) нужд | B43: 903 | C43: 05 | D43: 03 | E43: 27 | F43: 0 | G43: 01 | H43: 43010 | J43: 361.6 | K43: 419 | L43: 360.7
A44: Прочая закупка товаров, работ и услуг | B44: 903 | C44: 05 | D44: 03 | E44: 27 | F44: 0 | G44: 01 | H44: 43010 | I44: 244 | J44: 361.6 | K44: 419 | L44: 360.7
A45: Закупка энергетических ресурсов | B45: 903 | C45: 05 | D45: 03 | E45: 27 | F45: 0 | G45: 01 | H45: 43010 | I45: 244 | J45: 361.6 | K45: 419 | L45: 360.7
A46: Основное мероприятие "Благоустройство и озеленение территории сельского поселения" | B46: 903 | C46: 05 | D46: 03 | E46: 27 | F46: 0 | G46: 04 | J46: 218.5 | K46: 222 | L46: 200
A47: Мероприятия по благоустройству территириий городских округов и поселений | B47: 903 | C47: 05 | D47: 03 | E47: 27 | F47: 0 | G47: 04 | H47: 43040 | J47: 218.5 | K47: 222 | L47: 200
A48: Озеленение | B48: 903 | C48: 05 | D48: 03 | E48: 27 | F48: 0 | G48: 04 | H48: 43040 | J48: 218.5 | K48: 222 | L48: 200
A49: Закупка товаров, работ и услуг для обеспечения государственных (муниципальных) нужд | B49: 903 | C49: 05 | D49: 03 | E49: 27 | F49: 0 | G49: 04 | H49: 43040 | I49: 244 | J49: 218.5 | K49: 222 | L49: 200
A50: Иные закупки товаров, работ и услуг для обеспечения государственных (муниципальных) нужд | B50: 903 | C50: 05 | D50: 03 | E50: 27 | F50: 0 | G50: 04 | H50: 43040 | I50: 244 | J50: 1260.3 | K50: 1651 | L50: 1355
A51: Прочая закупка товаров, работ и услуг | B51: 903 | C51: 05 | D51: 03 | E51: 27 | F51: 0 | G51: 04 | H51: 43040 | I51: 244 | J51: 600 | K51: 426.4 | L51: 589.5
A52: Иные закупки товаров, работ и услуг для обеспечения государственных (муниципальных) нужд | B52: 903 | C52: 05 | D52: 03 | E52: 27 | F52: 0 | G52: 04 | H52: 43040 | I52: 244 | J52: 0 | K52: 103.1 | L52: 0
A53: Прочая закупка товаров, работ и услуг | B53: 903 | C53: 05 | D53: 030 | E53: 27 | F53: 0 | G53: 04 | H53: 43040 | I53: 244 | J53: 120 | K53: 80 | L53: 0
A54: Самообложение граждан | B54: 903 | C54: 05 | D54: 03 | E54: 27 | F54: 0 | J54: 1963.2 | K54: 0 | L54: 0
A55: Основное мероприятие "Решение вопросов местного значения, осуществляемое с привлечением средств самообложения граждан» | B55: 903 | C55: 05 | D55: 03 | E55: 27 | F55: 0 | G55: 01 | J55: 1963.2 | K55: 0 | L55: 0
A56: Иные закупки товаров, работ и услуг для обеспечения государственных (муниципальных) нужд | B56: 903 | C56: 05 | D56: 03 | E56: 27 | F56: 0 | G56: 01 | H56: 80190 | I56: 240 | J56: 1963.2 | K56: 0 | L56: 0
A57: Прочая закупка товаров, работ и услуг для обеспечения государственных (муниципальных) нужд | B57: 903 | C57: 05 | D57: 03 | E57: 27 | F57: 0 | G57: 01 | H57: 80190 | I57: 244 | J57: 1963.2 | K57: 0 | L57: 0
A58: Социальная политика | B58: 903 | C58: 10 | J58: 278.2 | K58: 278.2 | L58: 278.2
A59: Пенсионное обеспечение | B59: 903 | C59: 10 | D59: 01 | J59: 278.2 | K59: 278.2 | L59: 278.2
A60: Непрограммные расходы в рамках обеспечения деятельности главных распорядителей бюджетных средств Республики Мордовия | B60: 903 | C60: 10 | D60: 01 | E60: 01 | J60: 278.2 | K60: 278.2 | L60: 278.2
A61: Основное мероприятие "Обеспечение государственных гарантий муниципальных служащих Дубенского сельского поселения Дубенского муниципального района Республики Мордовия" | B61: 903 | C61: 10 | D61: 01 | E61: 89 | F61: 100 | G61: 03 | J61: 278.2 | K61: 278.2 | L61: 278.2
A62: Иные меры социальной поддержки граждан, кроме публичных нормативных обязательств | B62: 903 | C62: 10 | D62: 01 | E62: 89 | F62: 100 | G62: 03 | H62: 03000 | J62: 278.2 | K62: 278.2 | L62: 278.2
A63: Доплаты к пенсиям муниципальных служащих Республики Мордовия | B63: 903 | C63: 10 | D63: 01 | E63: 89 | F63: 100 | G63: 03 | H63: 03010 | J63: 278.2 | K63: 278.2 | L63: 278.2
A64: Социальное обеспечение и иные выплаты населению | B64: 903 | C64: 10 | D64: 01 | E64: 89 | F64: 100 | G64: 03 | H64: 03010 | I64: 300 | J64: 278.2 | K64: 278.2 | L64: 278.2
A65: Публичные нормативные социальные выплаты гражданам | B65: 903 | C65: 10 | D65: 01 | E65: 89 | F65: 100 | G65: 03 | H65: 03010 | I65: 310 | J65: 278.2 | K65: 278.2 | L65: 278.2
A66: Иные пенсии, социальные доплаты к пенсиям | B66: 903 | C66: 10 | D66: 01 | E66: 01 | F66: 0 | G66: 03 | H66: 03010 | I66: 312 | J66: 278.2 | K66: 278.2 | L66: 278.2
A67: Обслуживание государственного и муниципального долга | B67: 903 | C67: 13 | J67: 41.9 | K67: 41.9 | L67: 41.9
A68: Обслуживание государственного внутреннего и муниципального долга | B68: 903 | C68: 13 | D68: 01 | J68: 41.9 | K68: 41.9 | L68: 41.9
A69: Непрограммные расходы в рамках обеспечения деятельности главных распорядителей бюджетных средств Республики Мордовия | B69: 903 | C69: 13 | D69: 01 | E69: 17 | J69: 41.9 | K69: 41.9 | L69: 41.9
A70: Непрограммные расходы в рамках обеспечения деятельности главных распорядителей бюджетных средств Республики Мордовия | B70: 903 | C70: 13 | D70: 01 | E70: 17 | F70: 2 | J70: 41.9 | K70: 41.9 | L70: 41.9
A71: Непрограммные расходы в рамках обеспечения деятельности главных распорядителей бюджетных средств Республики Мордовия | B71: 903 | C71: 13 | D71: 01 | E71: 17 | F71: 2 | G71: 02 | J71: 41.9 | K71: 41.9 | L71: 41.9
A72: Процентные платежи по муниципальному долгу | B72: 903 | C72: 13 | D72: 01 | E72: 17 | F72: 2 | G72: 02 | H72: 41240 | J72: 0 | K72: 0 | L72: 0
A73: Обслуживание государственного (муниципального) долга | B73: 903 | C73: 13 | D73: 01 | E73: 17 | F73: 2 | G73: 02 | H73: 41240 | I73: 700 | J73: 41.9 | K73: 41.9 | L73: 41.9
A74: Обслуживание муниципального долга | B74: 903 | C74: 13 | D74: 01 | E74: 17 | F74: 2 | G74: 02 | H74: 41240 | I74: 730 | J74: 41.9 | K74: 41.9 | L74: 41.9

Sheet Приложение 4
H1: Приложение 4 к решению Совета депутатов Дубенского сельского поселения Дубенского муниципального района Республики Мордовия «О бюджете Дубенского сельского поселения Дубенского муниципального района Республики Мордовия на 2022 год и на плановый период 2023 и 2024 годов»
A2: РАСПРЕДЕЛЕНИЕ БЮДЖЕТНЫХ АССИГНОВАНИЙ БЮДЖЕТА ДУБЕНСКОГО СЕЛЬСКОГО ПОСЕЛЕНИЯ ДУБЕНСКОГО МУНИЦИПАЛЬНОГО РАЙОНА РЕСПУБЛИКИ МОРДОВИЯ ПО РАЗДЕЛАМ, ПОДРАЗДЕЛАМ, ЦЕЛЕВЫМ СТАТЬЯМ (МУНИЦИПАЛЬНЫМ ПРОГРАММАМ И НЕПРОГРАММНЫМ НАПРАВЛЕНИЯМ ДЕЯТЕЛЬНОСТИ), ГРУППАМ И ПОДГРУППАМ ВИДОВ РАСХОДОВ КЛАССИФИКАЦИИ РАСХОДОВ БЮДЖЕТОВ НА 2022 ГОД И НА ПЛАНОВЫЙ ПЕРИОД 2023 И 2024 ГОДОВ
H3: (тыс. рублей)
A4: Наименование | B4: Рз | C4: Прз | D4: Цср | H4: Вр | I4: Сумма
I5: 2022 год | J5: 2023 год | K5: 2024 год
A6: 1 | B6: 2 | C6: 3 | D6: 4 | E6: 5 | F6: 6 | G6: 7 | H6: 8 | I6: 9 | J6: 10 | K6: 11
A7: ВСЕГО | I7: 7739.8 | J7: 6048.3 | K7: 5590.3
A8: Общегосударственные вопросы | B8: 01 | J8: ='Приложение 3'!K9 -> 314 | K8: ='Приложение 3'!L9 -> 317
A9: Функционирование Правительства Российской Федерации, высших исполнительных органов государственной власти субъектов Российской Федерации, местных администраций | B9: 01 | C9: 04 | I9: 324 | J9: ='Приложение 3'!K10 -> 310 | K9: ='Приложение 3'!L10 -> 313
A10: Непрограммные расходы главных распорядителей бюджетных средств Республики Мордовия | B10: 01 | C10: 04 | D10: 01 | E10: 0 | I10: 320 | J10: ='Приложение 3'!K11 -> 286 | K10: ='Приложение 3'!L11 -> 294
A11: Непрограммные расходы главных распорядителей бюджетных средств Республики Мордовия | B11: 01 | C11: 04 | D11: 01 | E11: 0 | F11: 01 | I11: 301 | J11: ='Приложение 3'!K12 -> 286 | K11: ='Приложение 3'!L12 -> 294
A12: Резервные фонды | B12: 01 | C12: 11 | I12: 301 | J12: ='Приложение 3'!K15 -> 3 | K12: ='Приложение 3'!L15 -> 3
A13: Непрограммные расходы главных распорядителей бюджетных средств Республики Мордовия | B13: 01 | C13: 11 | D13: 89 | E13: 0 | I13: 300 | J13: ='Приложение 3'!K16 -> 3 | K13: ='Приложение 3'!L16 -> 3
A14: Непрограммные расходы в рамках обеспечения деятельности главных распорядителей бюджетных средств Республики Мордовия | B14: 01 | C14: 11 | D14: 89 | E14: 1 | I14: 20 | J14: ='Приложение 3'!K17 -> 3 | K14: ='Приложение 3'!L17 -> 3
A15: Резервный фонд администрации Красинского сельского поселения Дубенского муниципального района Республики Мордовия | B15: 01 | C15: 11 | D15: 89 | E15: 1 | F15: 00 | G15: 41180 | I15: 3 | J15: ='Приложение 3'!K18 -> 3 | K15: ='Приложение 3'!L18 -> 3
A16: Национальная оборона | B16: 02 | I16: 3 | J16: ='Приложение 3'!K20 -> 255.4 | K16: ='Приложение 3'!L20 -> 264.6
A17: Мобилизационная и вневойсковая подготовка | B17: 02 | C17: 03 | I17: 3 | J17: ='Приложение 3'!K21 -> 255.4 | K17: ='Приложение 3'!L21 -> 264.6
A18: Непрограммные расходы главных распорядителей бюджетных средств Республики Мордовия | B18: 02 | C18: 03 | D18: 89 | E18: 0 | I18: 3 | J18: ='Приложение 3'!K22 -> 255.4 | K18: ='Приложение 3'!L22 -> 264.6
A19: Непрограммные расходы в рамках обеспечения деятельности главных распорядителей бюджетных средств Республики Мордовия | B19: 02 | C19: 03 | D19: 89 | E19: 1 | I19: 3 | J19: ='Приложение 3'!K23 -> 255.4 | K19: ='Приложение 3'!L23 -> 264.6
A20: Осуществление государственных полномочий Российской Федерации по первичному воинскому учету на территориях, где отсутствуют военные комиссариаты | B20: 02 | C20: 03 | D20: 89 | E20: 1 | F20: 00 | G20: 51180 | I20: 247.2 | J20: ='Приложение 3'!K24 -> 255.4 | K20: ='Приложение 3'!L24 -> 264.6
A21: Расходы на выплаты персоналу в целях обеспечения выполнения функций государственными (муниципальными) органами, казенными учреждениями, органами управления государственными внебюджетными фондами | B21: 02 | C21: 03 | D21: 89 | E21: 1 | F21: 00 | G21: 51180 | H21: 100 | I21: 247.2 | J21: ='Приложение 3'!K25 -> 196.2 | K21: ='Приложение 3'!L25 -> 203.2
A22: Расходы на выплаты персоналу государственных (муниципальных) органов | B22: 02 | C22: 03 | D22: 89 | E22: 1 | F22: 00 | G22: 51180 | H22: 120 | I22: 247.2 | J22: ='Приложение 3'!K26 -> 196.2 | K22: ='Приложение 3'!L26 -> 203.2
A23: Фонд оплаты труда государственных (муниципальных) органов | B23: 02 | C23: 03 | D23: 89 | E23: 1 | F23: 00 | G23: 51180 | H23: 121 | I23: 247.2 | J23: ='Приложение 3'!K27 -> 196.2 | K23: ='Приложение 3'!L27 -> 203.2
A24: Взносы по обязательному социальному страхованию на выплаты денежного содержания и иные выплаты работникам государственных (муниципальных) органов | B24: 02 | C24: 03 | D24: 89 | E24: 1 | F24: 00 | G24: 51180 | H24: 129 | I24: 247.2 | J24: ='Приложение 3'!K28 -> 59.2 | K24: ='Приложение 3'!L28 -> 61.3
A25: Национальная экономика | B25: 04 | I25: 189.8 | J25: ='Приложение 3'!K29 -> 1461 | K25: ='Приложение 3'!L29 -> 1549.5
A26: Дорожное хозяйство (дорожные фонды) | B26: 04 | C26: 09 | I26: 189.8 | J26: ='Приложение 3'!K30 -> 1461 | K26: ='Приложение 3'!L30 -> 1549.5
A27: Основное мероприятие "Реализация государственных полномочий в области законодательства об административных правонарушениях" | B27: 04 | C27: 09 | D27: 13 | I27: 189.8 | J27: ='Приложение 3'!K31 -> 1461 | K27: ='Приложение 3'!L31 -> 1549.5
A28: Основное мероприятие "Содержание автомобильных дорог общего пользования и инженерных сооружений на них" | B28: 04 | C28: 09 | D28: 13 | E28: 0 | F28: 01 | I28: 57.3 | J28: ='Приложение 3'!K32 -> 1461 | K28: ='Приложение 3'!L32 -> 1549.5
A29: Финансовое обеспечение расходных обязательств поселений по переданным полномочиям муниципального района Республики Мордовия | B29: 04 | C29: 09 | D29: 13 | E29: 0 | F29: 01 | G29: 44100 | I29: 1440 | J29: ='Приложение 3'!K33 -> 1461 | K29: ='Приложение 3'!L33 -> 1549.5
A30: Осуществление полномочий по дорожной деятельности в отношении автомобильных дорог местного значения в границах населенных пунктов поселения и обеспечению безопасности дорожного движения на них, включая создание и обеспечение функционирования парковок (парковочных мест), осуществление муниципального контроля за сохранностью автомобильных дорог местного значения в границах населенных пунктов поселения, организация дорожного движения, а также осуществление иных полномочий в области использования автомобильных дорог и осуществления дорожной деятельности в соответствии с законодательством Российской Федерации | B30: 04 | C30: 09 | D30: 13 | E30: 0 | F30: 01 | G30: 44102 | I30: 1440 | J30: ='Приложение 3'!K34 -> 1461 | K30: ='Приложение 3'!L34 -> 1549.5
A31: Прочая закупка товаров, работ и услуг | B31: 04 | C31: 09 | D31: 13 | E31: 0 | F31: 01 | G31: 44102 | H31: 244 | I31: 1440 | J31: ='Приложение 3'!K35 -> 1461 | K31: ='Приложение 3'!L35 -> 1549.5
A32: Жилищно-коммунальное хозяйство | B32: 05 | I32: 1440 | J32: ='Приложение 3'!K36 -> 3698.2 | K32: ='Приложение 3'!L36 -> 3328.2
A33: Благоустройство | B33: 05 | C33: 03 | I33: 1440 | J33: ='Приложение 3'!K37 -> 821.7 | K33: ='Приложение 3'!L37 -> 823
A34: Непрограммные расходы главных распорядителей бюджетных средств Республики Мордовия | B34: 05 | C34: 03 | D34: 27 | E34: 0 | I34: 1440 | J34: ='Приложение 3'!K38 -> 821.7 | K34: ='Приложение 3'!L38 -> 823
A35: Основное мероприятие "Текущее содержание и обслуживание наружных сетей уличного освещения территории сельского поселения" | B35: 05 | C35: 03 | D35: 27 | E35: 0 | F35: 01 | I35: 1440 | J35: ='Приложение 3'!K39 -> 821.7 | K35: ='Приложение 3'!L39 -> 823
A36: Мероприятия по благоустройству территириий городских округов и поселений | B36: 05 | C36: 03 | D36: 27 | E36: 0 | F36: 01 | G36: 43000 | I36: 5801.2 | J36: ='Приложение 3'!K40 -> 821.7 | K36: ='Приложение 3'!L40 -> 823
A37: Уличное освещение | B37: 05 | C37: 03 | D37: 27 | E37: 0 | F37: 01 | G37: 43010 | I37: 800 | J37: ='Приложение 3'!K41 -> 419 | K37: ='Приложение 3'!L41 -> 360.7
A38: Закупка товаров, работ и услуг для обеспечения государственных (муниципальных) нужд | B38: 05 | C38: 03 | D38: 27 | E38: 0 | F38: 01 | G38: 43010 | H38: 200 | I38: 800 | J38: ='Приложение 3'!K42 -> 419 | K38: ='Приложение 3'!L42 -> 360.7
A39: Иные закупки товаров, работ и услуг для обеспечения государственных (муниципальных) нужд | B39: 05 | C39: 03 | D39: 27 | E39: 0 | F39: 01 | G39: 43010 | H39: 240 | I39: 800 | J39: ='Приложение 3'!K43 -> 419 | K39: ='Приложение 3'!L43 -> 360.7
A40: Прочая закупка товаров, работ и услуг | B40: 05 | C40: 03 | D40: 27 | E40: 0 | F40: 01 | G40: 43010 | H40: 244 | I40: 800 | J40: ='Приложение 3'!K44 -> 419 | K40: ='Приложение 3'!L44 -> 360.7
A41: Закупка энергетических ресурсов | B41: 05 | C41: 03 | D41: 27 | E41: 0 | F41: 01 | G41: 43010 | H41: 247 | I41: 361.6 | J41: ='Приложение 3'!K45 -> 419 | K41: ='Приложение 3'!L45 -> 360.7
A42: Основное мероприятие "Благоустройство и озеленение территории сельского поселения" | B42: 05 | C42: 03 | D42: 27 | E42: 0 | F42: 02 | I42: 361.6 | J42: ='Приложение 3'!K46 -> 222 | K42: ='Приложение 3'!L46 -> 200
A43: Мероприятия по благоустройству территириий городских округов и поселений | B43: 05 | C43: 03 | D43: 27 | E43: 0 | F43: 02 | G43: 43000 | I43: 361.6 | J43: ='Приложение 3'!K47 -> 222 | K43: ='Приложение 3'!L47 -> 200
A44: Озеленение | B44: 05 | C44: 03 | D44: 27 | E44: 0 | F44: 02 | G44: 43020 | I44: 361.6 | J44: ='Приложение 3'!K48 -> 222 | K44: ='Приложение 3'!L48 -> 200
A45: Закупка товаров, работ и услуг для обеспечения государственных (муниципальных) нужд | B45: 05 | C45: 03 | D45: 27 | E45: 0 | F45: 02 | G45: 43020 | H45: 200 | I45: 361.6 | J45: ='Приложение 3'!K49 -> 222 | K45: ='Приложение 3'!L49 -> 200
A46: Иные закупки товаров, работ и услуг для обеспечения государственных (муниципальных) нужд | B46: 05 | C46: 03 | D46: 27 | E46: 0 | F46: 02 | G46: 43020 | H46: 240 | I46: 218.5 | J46: ='Приложение 3'!K50 -> 1651 | K46: ='Приложение 3'!L50 -> 1355
A47: Прочая закупка товаров, работ и услуг | B47: 05 | C47: 03 | D47: 27 | E47: 0 | F47: 02 | G47: 43020 | H47: 244 | I47: 218.5 | J47: ='Приложение 3'!K51 -> 426.4 | K47: ='Приложение 3'!L51 -> 589.5
A48: Самообложение граждан | B48: 05 | C48: 03 | D48: 27 | E48: 0 | I48: 218.5 | J48: 398 | K48: 0 | L48: 0
A49: Основное мероприятие "Решение вопросов местного значения, осуществляемое с привлечением средств самообложения граждан» | B49: 05 | C49: 03 | D49: 27 | E49: 0 | F49: 01 | I49: 218.5 | J49: 398 | K49: 0 | L49: 0
A50: Иные закупки товаров, работ и услуг для обеспечения государственных (муниципальных) нужд | B50: 05 | C50: 03 | D50: 27 | E50: 0 | F50: 01 | G50: 80190 | H50: 240 | I50: 1260.3 | J50: 398 | K50: 0 | L50: 0
A51: Прочая закупка товаров, работ и услуг для обеспечения государственных (муниципальных) нужд | B51: 05 | C51: 03 | D51: 27 | E51: 0 | F51: 01 | G51: 80190 | H51: 244 | I51: 600 | J51: 398 | K51: 0 | L51: 0
A52: Социальная политика | B52: 10 | I52: 0 | J52: ='Приложение 3'!K58 -> 278.2 | K52: ='Приложение 3'!L59 -> 278.2
A53: Пенсионное обеспечение | B53: 10 | C53: 01 | I53: 120 | J53: ='Приложение 3'!K59 -> 278.2 | K53: ='Приложение 3'!L60 -> 278.2
A54: Непрограммные расходы в рамках обеспечения деятельности главных распорядителей бюджетных средств Республики Мордовия | B54: 10 | C54: 01 | D54: 01 | I54: 1963.2 | J54: ='Приложение 3'!K60 -> 278.2 | K54: ='Приложение 3'!L61 -> 278.2
A55: Основное мероприятие "Обеспечение государственных гарантий муниципальных служащих Красинского сельского поселения Дубенского муниципального района Республики Мордовия" | B55: 10 | C55: 01 | D55: 01 | E55: 0 | F55: 03 | I55: 1963.2 | J55: ='Приложение 3'!K61 -> 278.2 | K55: ='Приложение 3'!L62 -> 278.2
A56: Иные меры социальной поддержки граждан, кроме публичных нормативных обязательств | B56: 10 | C56: 01 | D56: 01 | E56: 0 | F56: 03 | G56: 03000 | I56: 1963.2 | J56: ='Приложение 3'!K62 -> 278.2 | K56: ='Приложение 3'!L63 -> 278.2
A57: Доплаты к пенсиям муниципальных служащих Республики Мордовия | B57: 10 | C57: 01 | D57: 01 | E57: 0 | F57: 03 | G57: 03010 | I57: 1963.2 | J57: ='Приложение 3'!K63 -> 278.2 | K57: ='Приложение 3'!L64 -> 278.2
A58: Социальное обеспечение и иные выплаты населению | B58: 10 | C58: 01 | D58: 01 | E58: 0 | F58: 03 | G58: 03010 | H58: 300 | I58: 278.2 | J58: ='Приложение 3'!K64 -> 278.2 | K58: ='Приложение 3'!L65 -> 278.2
A59: Публичные нормативные социальные выплаты гражданам | B59: 10 | C59: 01 | D59: 01 | E59: 0 | F59: 03 | G59: 03010 | H59: 310 | I59: 278.2 | J59: ='Приложение 3'!K65 -> 278.2 | K59: ='Приложение 3'!L66 -> 278.2
A60: Иные пенсии, социальные доплаты к пенсиям | B60: 10 | C60: 01 | D60: 01 | E60: 0 | F60: 03 | G60: 03010 | H60: 312 | I60: 278.2 | J60: ='Приложение 3'!K66 -> 278.2 | K60: ='Приложение 3'!L67 -> 41.9
A61: Обслуживание государственного и муниципального долга | B61: 13 | I61: 278.2 | J61: ='Приложение 3'!K67 -> 41.9 | K61: ='Приложение 3'!L68 -> 41.9
A62: Обслуживание государственного внутреннего и муниципального долга | B62: 13 | C62: 01 | I62: 278.2 | J62: ='Приложение 3'!K68 -> 41.9 | K62: ='Приложение 3'!L69 -> 41.9
A63: Непрограммные расходы в рамках обеспечения деятельности главных распорядителей бюджетных средств Республики Мордовия | B63: 13 | C63: 01 | D63: 17 | I63: 278.2 | J63: ='Приложение 3'!K69 -> 41.9 | K63: ='Приложение 3'!L70 -> 41.9
A64: Непрограммные расходы в рамках обеспечения деятельности главных распорядителей бюджетных средств Республики Мордовия | B64: 13 | C64: 01 | D64: 17 | E64: 2 | I64: 278.2 | J64: ='Приложение 3'!K70 -> 41.9 | K64: ='Приложение 3'!L71 -> 41.9
A65: Непрограммные расходы в рамках обеспечения деятельности главных распорядителей бюджетных средств Республики Мордовия | B65: 13 | C65: 01 | D65: 17 | E65: 2 | F65: 02 | I65: 278.2 | J65: ='Приложение 3'!K71 -> 41.9 | K65: ='Приложение 3'!L72 -> 0
A66: Процентные платежи по муниципальному долгу | B66: 13 | C66: 01 | D66: 17 | E66: 2 | F66: 02 | G66: 41240 | I66: 278.2 | J66: ='Приложение 3'!K72 -> 0 | K66: ='Приложение 3'!L73 -> 41.9
A67: Обслуживание государственного (муниципального) долга | B67: 13 | C67: 01 | D67: 17 | E67: 2 | F67: 02 | G67: 41240 | H67: 700 | I67: 41.9 | J67: ='Приложение 3'!K73 -> 41.9 | K67: ='Приложение 3'!L74 -> 41.9
A68: Обслуживание муниципального долга | B68: 13 | C68: 01 | D68: 17 | E68: 2 | F68: 02 | G68: 41240 | H68: 730 | I68: 41.9 | J68: ='Приложение 3'!K74 -> 41.9 | K68: 41.9

Sheet Приложение 5
I1: Приложение 5 к решению Совета депутатов Дубенского сельского поселения Дубенского муниципального района Республики Мордовия «О бюджете Дубенского сельского поселения Дубенского муниципального района Республики Мордовия на 2022 год и на плановый период 2023 и 2024 годов»
A2: РАСПРЕДЕЛЕНИЕ БЮДЖЕТНЫХ АССИГНОВАНИЙ БЮДЖЕТА ДУБЕНСКОГО СЕЛЬСКОГО ПОСЕЛЕНИЯ ДУБЕНСКОГО МУНИЦИПАЛЬНОГО РАЙОНА РЕСПУБЛИКИ МОРДОВИЯ ПО ЦЕЛЕВЫМ СТАТЬЯМ (МУНИЦИПАЛЬНЫМ ПРОГРАММАМ И НЕПРОГРАММНЫМ НАПРАВЛЕНИЯМ ДЕЯТЕЛЬНОСТИ), ГРУППАМ И ПОДГРУППАМ ВИДОВ РАСХОДОВ, РАЗДЕЛАМ И ПОДРАЗДЕЛАМ КЛАССИФИКАЦИИ РАСХОДОВ БЮДЖЕТОВ НА 2022 ГОД И НА ПЛАНОВЫЙ ПЕРИОД 2023 И 2024 ГОДОВ
I3: (тыс. рублей)
A4: Наименование | B4: Цср | F4: ВР | G4: Рз | H4: Прз | I4: Адм | J4: Сумма
J5: 2022 год | K5: 2023 год | L5: 2024 год
A6: 1 | B6: 2 | C6: 3 | D6: 4 | E6: 5 | F6: 6 | G6: 7 | H6: 8 | I6: 9 | J6: 10 | K6: 11 | L6: 12
A7: ВСЕГО | G7: 01 | J7: 7739.8 | K7: 6048.3 | L7: 5590.3
A8: Общегосударственные вопросы | G8: 01 | H8: 04 | I8: 903 | K8: ='Приложение 3'!L9 -> 317 | L8: ='Приложение 3'!M9 -> 0
A9: Функционирование Правительства Российской Федерации, высших исполнительных органов государственной власти субъектов Российской Федерации, местных администраций | G9: 01 | H9: 04 | I9: 903 | J9: 324 | K9: ='Приложение 3'!L10 -> 313 | L9: ='Приложение 3'!M10 -> 0
A10: Непрограммные расходы главных распорядителей бюджетных средств Республики Мордовия | B10: 01 | C10: 0 | G10: 01 | H10: 04 | I10: 903 | J10: 320 | K10: ='Приложение 3'!L11 -> 294 | L10: ='Приложение 3'!M11 -> 0
A11: Непрограммные расходы главных распорядителей бюджетных средств Республики Мордовия | B11: 01 | C11: 0 | D11: 01 | G11: 01 | H11: 11 | I11: 903 | J11: 301 | K11: ='Приложение 3'!L12 -> 294 | L11: ='Приложение 3'!M12 -> 0
A12: Резервные фонды | G12: 01 | H12: 11 | I12: 903 | J12: 301 | K12: ='Приложение 3'!L15 -> 3 | L12: ='Приложение 3'!M15 -> 0
A13: Непрограммные расходы главных распорядителей бюджетных средств Республики Мордовия | B13: 89 | C13: 0 | G13: 01 | H13: 11 | I13: 903 | J13: 300 | K13: ='Приложение 3'!L16 -> 3 | L13: ='Приложение 3'!M16 -> 0
A14: Непрограммные расходы в рамках обеспечения деятельности главных распорядителей бюджетных средств Республики Мордовия | B14: 89 | C14: 1 | G14: 01 | H14: 11 | I14: 903 | J14: 20 | K14: ='Приложение 3'!L17 -> 3 | L14: ='Приложение 3'!M17 -> 0
A15: Резервный фонд администрации Красинского сельского поселения Дубенского муниципального района Республики Мордовия | B15: 89 | C15: 1 | D15: 00 | E15: 41180 | G15: 02 | I15: 903 | J15: 3 | K15: ='Приложение 3'!L18 -> 3 | L15: ='Приложение 3'!M18 -> 0
A16: Национальная оборона | G16: 02 | H16: 03 | I16: 903 | J16: 3 | K16: ='Приложение 3'!L20 -> 264.6 | L16: ='Приложение 3'!M20 -> 0
A17: Мобилизационная и вневойсковая подготовка | G17: 02 | H17: 03 | I17: 903 | J17: 3 | K17: ='Приложение 3'!L21 -> 264.6 | L17: ='Приложение 3'!M21 -> 0
A18: Непрограммные расходы главных распорядителей бюджетных средств Республики Мордовия | B18: 89 | C18: 0 | G18: 02 | H18: 03 | I18: 903 | J18: 3 | K18: ='Приложение 3'!L22 -> 264.6 | L18: ='Приложение 3'!M22 -> 0
A19: Непрограммные расходы в рамках обеспечения деятельности главных распорядителей бюджетных средств Республики Мордовия | B19: 89 | C19: 1 | G19: 02 | H19: 03 | I19: 903 | J19: 3 | K19: ='Приложение 3'!L23 -> 264.6 | L19: ='Приложение 3'!M23 -> 0
A20: Осуществление государственных полномочий Российской Федерации по первичному воинскому учету на территориях, где отсутствуют военные комиссариаты | B20: 89 | C20: 1 | D20: 00 | E20: 51180 | G20: 02 | H20: 03 | I20: 903 | J20: 247.2 | K20: ='Приложение 3'!L24 -> 264.6 | L20: ='Приложение 3'!M24 -> 0
A21: Расходы на выплаты персоналу в целях обеспечения выполнения функций государственными (муниципальными) органами, казенными учреждениями, органами управления государственными внебюджетными фондами | B21: 89 | C21: 1 | D21: 00 | E21: 51180 | F21: 100 | G21: 02 | H21: 03 | I21: 903 | J21: 247.2 | K21: ='Приложение 3'!L25 -> 203.2 | L21: ='Приложение 3'!M25 -> 0
A22: Расходы на выплаты персоналу государственных (муниципальных) органов | B22: 89 | C22: 1 | D22: 00 | E22: 51180 | F22: 120 | G22: 02 | H22: 03 | I22: 903 | J22: 247.2 | K22: ='Приложение 3'!L26 -> 203.2 | L22: ='Приложение 3'!M26 -> 0
A23: Фонд оплаты труда государственных (муниципальных) органов | B23: 89 | C23: 1 | D23: 00 | E23: 51180 | F23: 121 | G23: 02 | H23: 03 | I23: 903 | J23: 247.2 | K23: ='Приложение 3'!L27 -> 203.2 | L23: ='Приложение 3'!M27 -> 0
A24: Взносы по обязательному социальному страхованию на выплаты денежного содержания и иные выплаты работникам государственных (муниципальных) органов | B24: 89 | C24: 1 | D24: 00 | E24: 51180 | F24: 129 | G24: 04 | I24: 903 | J24: 247.2 | K24: ='Приложение 3'!L28 -> 61.3 | L24: ='Приложение 3'!M28 -> 0
A25: Национальная экономика | G25: 04 | H25: 09 | I25: 903 | J25: 189.8 | K25: ='Приложение 3'!L29 -> 1549.5 | L25: ='Приложение 3'!M29 -> 0
A26: Дорожное хозяйство (дорожные фонды) | G26: 04 | H26: 09 | I26: 903 | J26: 189.8 | K26: ='Приложение 3'!L30 -> 1549.5 | L26: ='Приложение 3'!M30 -> 0
A27: Основное мероприятие "Реализация государственных полномочий в области законодательства об административных правонарушениях" | B27: 13 | G27: 04 | H27: 09 | I27: 903 | J27: 189.8 | K27: ='Приложение 3'!L31 -> 1549.5 | L27: ='Приложение 3'!M31 -> 0
A28: Основное мероприятие "Содержание автомобильных дорог общего пользования и инженерных сооружений на них" | B28: 13 | C28: 0 | D28: 01 | G28: 04 | H28: 09 | I28: 903 | J28: 57.3 | K28: ='Приложение 3'!L32 -> 1549.5 | L28: ='Приложение 3'!M32 -> 0
A29: Финансовое обеспечение расходных обязательств поселений по переданным полномочиям муниципального района Республики Мордовия | B29: 13 | C29: 0 | D29: 01 | E29: 44100 | G29: 04 | H29: 09 | I29: 903 | J29: 1440 | K29: ='Приложение 3'!L33 -> 1549.5 | L29: ='Приложение 3'!M33 -> 0
A30: Осуществление полномочий по дорожной деятельности в отношении автомобильных дорог местного значения в границах населенных пунктов поселения и обеспечению безопасности дорожного движения на них, включая создание и обеспечение функционирования парковок (парковочных мест), осуществление муниципального контроля за сохранностью автомобильных дорог местного значения в границах населенных пунктов поселения, организация дорожного движения, а также осуществление иных полномочий в области использования автомобильных дорог и осуществления дорожной деятельности в соответствии с законодательством Российской Федерации | B30: 13 | C30: 0 | D30: 01 | E30: 44102 | G30: 04 | H30: 09 | I30: 903 | J30: 1440 | K30: ='Приложение 3'!L34 -> 1549.5 | L30: ='Приложение 3'!M34 -> 0
A31: Прочая закупка товаров, работ и услуг | B31: 13 | C31: 0 | D31: 01 | E31: 44102 | F31: 244 | G31: 05 | I31: 903 | J31: 1440 | K31: ='Приложение 3'!L35 -> 1549.5 | L31: ='Приложение 3'!M35 -> 0
A32: Жилищно-коммунальное хозяйство | G32: 05 | H32: 03 | I32: 903 | J32: 1440 | K32: ='Приложение 3'!L36 -> 3328.2 | L32: ='Приложение 3'!M36 -> 0
A33: Благоустройство | G33: 05 | H33: 03 | I33: 903 | J33: 1440 | K33: ='Приложение 3'!L37 -> 823 | L33: ='Приложение 3'!M37 -> 0
A34: Непрограммные расходы главных распорядителей бюджетных средств Республики Мордовия | B34: 27 | C34: 0 | G34: 05 | H34: 03 | I34: 903 | J34: 1440 | K34: ='Приложение 3'!L38 -> 823 | L34: ='Приложение 3'!M38 -> 0
A35: Основное мероприятие "Текущее содержание и обслуживание наружных сетей уличного освещения территории сельского поселения" | B35: 27 | C35: 0 | D35: 01 | G35: 05 | H35: 03 | I35: 903 | J35: 1440 | K35: ='Приложение 3'!L39 -> 823 | L35: ='Приложение 3'!M39 -> 0
A36: Мероприятия по благоустройству территириий городских округов и поселений | B36: 27 | C36: 0 | D36: 01 | E36: 43000 | G36: 05 | H36: 03 | I36: 903 | J36: 5801.2 | K36: ='Приложение 3'!L40 -> 823 | L36: ='Приложение 3'!M40 -> 0
A37: Уличное освещение | B37: 27 | C37: 0 | D37: 01 | E37: 43010 | G37: 05 | H37: 03 | I37: 903 | J37: 800 | K37: ='Приложение 3'!L41 -> 360.7 | L37: ='Приложение 3'!M41 -> 0
A38: Закупка товаров, работ и услуг для обеспечения государственных (муниципальных) нужд | B38: 27 | C38: 0 | D38: 01 | E38: 43010 | F38: 200 | G38: 05 | H38: 03 | I38: 903 | J38: 800 | K38: ='Приложение 3'!L42 -> 360.7 | L38: ='Приложение 3'!M42 -> 0
A39: Иные закупки товаров, работ и услуг для обеспечения государственных (муниципальных) нужд | B39: 27 | C39: 0 | D39: 01 | E39: 43010 | F39: 240 | G39: 05 | H39: 03 | I39: 903 | J39: 800 | K39: ='Приложение 3'!L43 -> 360.7 | L39: ='Приложение 3'!M43 -> 0
A40: Прочая закупка товаров, работ и услуг | B40: 27 | C40: 0 | D40: 01 | E40: 43010 | F40: 244 | G40: 05 | H40: 03 | I40: 903 | J40: 800 | K40: ='Приложение 3'!L44 -> 360.7 | L40: ='Приложение 3'!M44 -> 0
A41: Закупка энергетических ресурсов | B41: 27 | C41: 0 | D41: 01 | E41: 43010 | F41: 247 | G41: 05 | H41: 03 | I41: 903 | J41: 361.6 | K41: ='Приложение 3'!L45 -> 360.7 | L41: ='Приложение 3'!M45 -> 0
A42: Основное мероприятие "Благоустройство и озеленение территории сельского поселения" | B42: 27 | C42: 0 | D42: 02 | G42: 05 | H42: 03 | I42: 903 | J42: 361.6 | K42: ='Приложение 3'!L46 -> 200 | L42: ='Приложение 3'!M46 -> 0
A43: Мероприятия по благоустройству территириий городских округов и поселений | B43: 27 | C43: 0 | D43: 02 | E43: 43000 | G43: 05 | H43: 03 | I43: 903 | J43: 361.6 | K43: ='Приложение 3'!L47 -> 200 | L43: ='Приложение 3'!M47 -> 0
A44: Озеленение | B44: 27 | C44: 0 | D44: 02 | E44: 43020 | G44: 05 | H44: 03 | I44: 903 | J44: 361.6 | K44: ='Приложение 3'!L48 -> 200 | L44: ='Приложение 3'!M48 -> 0
A45: Закупка товаров, работ и услуг для обеспечения государственных (муниципальных) нужд | B45: 27 | C45: 0 | D45: 02 | E45: 43020 | F45: 200 | G45: 05 | H45: 03 | I45: 903 | J45: 361.6 | K45: ='Приложение 3'!L49 -> 200 | L45: ='Приложение 3'!M49 -> 0
A46: Иные закупки товаров, работ и услуг для обеспечения государственных (муниципальных) нужд | B46: 27 | C46: 0 | D46: 02 | E46: 43020 | F46: 240 | G46: 05 | H46: 03 | I46: 903 | J46: 218.5 | K46: ='Приложение 3'!L50 -> 1355 | L46: ='Приложение 3'!M50 -> 0
A47: Прочая закупка товаров, работ и услуг | B47: 27 | C47: 0 | D47: 02 | E47: 43020 | F47: 244 | G47: 05 | H47: 03 | I47: 903 | J47: 218.5 | K47: ='Приложение 3'!L51 -> 589.5 | L47: ='Приложение 3'!M51 -> 0
A48: Самообложение граждан | B48: 27 | C48: 0 | G48: 05 | H48: 03 | I48: 903 | J48: 218.5 | K48: 398 | L48: 0
A49: Основное мероприятие "Решение вопросов местного значения, осуществляемое с привлечением средств самообложения граждан» | B49: 27 | C49: 0 | D49: 01 | G49: 05 | H49: 03 | I49: 903 | J49: 218.5 | K49: 398 | L49: 0
A50: Иные закупки товаров, работ и услуг для обеспечения государственных (муниципальных) нужд | B50: 27 | C50: 0 | D50: 01 | E50: 80190 | F50: 240 | G50: 05 | H50: 03 | I50: 903 | J50: 1260.3 | K50: 398 | L50: 0
A51: Прочая закупка товаров, работ и услуг для обеспечения государственных (муниципальных) нужд | B51: 27 | C51: 0 | D51: 01 | E51: 80190 | F51: 244 | G51: 10 | I51: 903 | J51: 600 | K51: 398 | L51: 0
A52: Социальная политика | G52: 10 | H52: 01 | I52: 903 | J52: 0 | K52: ='Приложение 3'!L58 -> 278.2 | L52: ='Приложение 3'!M59 -> 0
A53: Пенсионное обеспечение | G53: 10 | H53: 01 | I53: 903 | J53: 120 | K53: ='Приложение 3'!L59 -> 278.2 | L53: ='Приложение 3'!M60 -> 0
A54: Непрограммные расходы в рамках обеспечения деятельности главных распорядителей бюджетных средств Республики Мордовия | B54: 01 | G54: 10 | H54: 01 | I54: 903 | J54: 1963.2 | K54: ='Приложение 3'!L60 -> 278.2 | L54: ='Приложение 3'!M61 -> 0
A55: Основное мероприятие "Обеспечение государственных гарантий муниципальных служащих Красинского сельского поселения Дубенского муниципального района Республики Мордовия" | B55: 01 | C55: 0 | D55: 03 | G55: 10 | H55: 01 | I55: 903 | J55: 1963.2 | K55: ='Приложение 3'!L61 -> 278.2 | L55: ='Приложение 3'!M62 -> 0
A56: Иные меры социальной поддержки граждан, кроме публичных нормативных обязательств | B56: 01 | C56: 0 | D56: 03 | E56: 03000 | G56: 10 | H56: 01 | I56: 903 | J56: 1963.2 | K56: ='Приложение 3'!L62 -> 278.2 | L56: ='Приложение 3'!M63 -> 0
A57: Доплаты к пенсиям муниципальных служащих Республики Мордовия | B57: 01 | C57: 0 | D57: 03 | E57: 03010 | G57: 10 | H57: 01 | I57: 903 | J57: 1963.2 | K57: ='Приложение 3'!L63 -> 278.2 | L57: ='Приложение 3'!M64 -> 0
A58: Социальное обеспечение и иные выплаты населению | B58: 01 | C58: 0 | D58: 03 | E58: 03010 | F58: 300 | G58: 10 | H58: 01 | I58: 903 | J58: 278.2 | K58: ='Приложение 3'!L64 -> 278.2 | L58: ='Приложение 3'!M65 -> 0
A59: Публичные нормативные социальные выплаты гражданам | B59: 01 | C59: 0 | D59: 03 | E59: 03010 | F59: 310 | G59: 10 | H59: 01 | I59: 903 | J59: 278.2 | K59: ='Приложение 3'!L65 -> 278.2 | L59: ='Приложение 3'!M66 -> 0
A60: Иные пенсии, социальные доплаты к пенсиям | B60: 01 | C60: 0 | D60: 03 | E60: 03010 | F60: 312 | G60: 13 | I60: 903 | J60: 278.2 | K60: ='Приложение 3'!L66 -> 278.2 | L60: ='Приложение 3'!M67 -> 0
A61: Обслуживание государственного и муниципального долга | G61: 13 | H61: 01 | I61: 903 | J61: 278.2 | K61: ='Приложение 3'!L67 -> 41.9 | L61: ='Приложение 3'!M68 -> 0
A62: Обслуживание государственного внутреннего и муниципального долга | G62: 13 | H62: 01 | I62: 903 | J62: 278.2 | K62: ='Приложение 3'!L68 -> 41.9 | L62: ='Приложение 3'!M69 -> 0
A63: Непрограммные расходы в рамках обеспечения деятельности главных распорядителей бюджетных средств Республики Мордовия | B63: 17 | G63: 13 | H63: 01 | I63: 903 | J63: 278.2 | K63: ='Приложение 3'!L69 -> 41.9 | L63: ='Приложение 3'!M70 -> 0
A64: Непрограммные расходы в рамках обеспечения деятельности главных распорядителей бюджетных средств Республики Мордовия | B64: 17 | C64: 2 | G64: 13 | H64: 01 | I64: 903 | J64: 278.2 | K64: ='Приложение 3'!L70 -> 41.9 | L64: ='Приложение 3'!M71 -> 0
A65: Непрограммные расходы в рамках обеспечения деятельности главных распорядителей бюджетных средств Республики Мордовия | B65: 17 | C65: 2 | D65: 02 | G65: 13 | H65: 01 | I65: 903 | J65: 278.2 | K65: ='Приложение 3'!L71 -> 41.9 | L65: ='Приложение 3'!M72 -> 0
A66: Процентные платежи по муниципальному долгу | B66: 17 | C66: 2 | D66: 02 | E66: 41240 | G66: 13 | H66: 01 | I66: 903 | J66: 278.2 | K66: ='Приложение 3'!L72 -> 0 | L66: ='Приложение 3'!M73 -> 0
A67: Обслуживание государственного (муниципального) долга | B67: 17 | C67: 2 | D67: 02 | E67: 41240 | F67: 700 | G67: 13 | H67: 01 | I67: 903 | J67: 41.9 | K67: ='Приложение 3'!L73 -> 41.9 | L67: ='Приложение 3'!M74 -> 0
A68: Обслуживание муниципального долга | B68: 17 | C68: 2 | D68: 02 | E68: 41240 | F68: 730 | G68: 06 | I68: 903 | J68: 41.9 | K68: ='Приложение 3'!L74 -> 41.9 | L68: 41.9

Sheet Приложение 6
E1: Приложение 6 к решению Совета депутатов Дубенского сельского поселения Дубенского муниципального района Республики Мордовия «О бюджете Дубенского сельского поселения Дубенского муниципального района Республики Мордовия на 2022 год и на плановый период 2023 и 2024 годов»
A2: РАСПРЕДЕЛЕНИЕ БЮДЖЕТНЫХ АССИГНОВАНИЙ БЮДЖЕТА ДУБЕНСКОГО СЕЛЬСКОГО ПОСЕЛЕНИЯ ДУБЕНСКОГО МУНИЦИПАЛЬНОГО РАЙОНА РЕСПУБЛИКИ МОРДОВИЯ НА ОСУЩЕСТВЛЕНИЕ БЮДЖЕТНЫХ ИНВЕСТИЦИЙ В ФОРМЕ КАПИТАЛЬНЫХ ВЛОЖЕНИЙ В ОБЪЕКТЫ МУНИЦИПАЛЬНОЙ СОБСТВЕННОСТИ НА 2022 ГОД И НА ПЛАНОВЫЙ ПЕРИОД 2023 И 2024 ГОДОВ
B3: (тыс. рублей)
A4: Наименование | B4: Цср | F4: Рз | G4: Прз | H4: Адм | I4: Сумма
I5: 2022 год | J5: 2023 год | K5: 2024 год
A6: 1 | B6: 2 | C6: 3 | D6: 4 | E6: 5 | F6: 6 | G6: 7 | H6: 8 | I6: 9 | J6: 10 | K6: 11
A7: ВСЕГО

Sheet Приложение 7
B1: Приложение 7 к решению Совета депутатов Дубенского сельского поселения Дубенского муниципального района Республики Мордовия «О бюджете Дубенского сельского поселения Дубенского муниципального района Республики Мордовия на 2022 год и на плановый период 2023 и 2024 годов»
D6: Таблица 1
A8: РАСПРЕДЕЛЕНИЕ ИНЫХ МЕЖБЮДЖЕТНЫХ ТРАНСФЕРТОВ НА ОСУЩЕСТВЛЕНИЕ ПОЛНОМОЧИЙ ПО СОСТАВЛЕНИЮ И РАССМОТРЕНИЮ ПРОЕКТА БЮДЖЕТА ПОСЕЛЕНИЯ, УТВЕРЖДЕНИЮ И ИСПОЛНЕНИЮ БЮДЖЕТА ПОСЕЛЕНИЯ, ОСУЩЕСТВЛЕНИЮ КОНТРОЛЯ ЗА ЕГО ИСПОЛНЕНИЕМ, СОСТАВЛЕНИЮ И УТВЕРЖДЕНИЮ ОТЧЕТА ОБ ИСПОЛНЕНИИ БЮДЖЕТА ДУБЕНСКОГО СЕЛЬСКОГО ПОСЕЛЕНИЯ НА 2022 ГОД И НА ПЛАНОВЫЙ ПЕРИОД 2023 И 2024 ГОДОВ
D9: (тыс. рублей)
A10: Район | B10: Сумма
B11: 2022 год | C11: 2023 год | D11: 2024 год
A12: 1 | B12: 2 | C12: 3 | D12: 4
A13: Дубенский муниципальный район | B13: 5.5 | C13: 5.7 | D13: 6
A14: ВСЕГО | B14: =B13 -> 5.5 | C14: =C13 -> 5.7 | D14: =D13 -> 6

Sheet Приложение 8
C1: Приложение 8 к решению Совета депутатов Дубенского сельского поселения Дубенского муниципального района Республики Мордовия «О бюджете Дубенского сельского поселения Дубенского муниципального района Республики Мордовия на 2022 год и на плановый период 2023 и 2024 годов»
A7: ИСТОЧНИКИ ВНУТРЕННЕГО ФИНАНСИРОВАНИЯ ДЕФИЦИТА БЮДЖЕТА ДУБЕНСКОГО СЕЛЬСКОГО ПОСЕЛЕНИЯ ДУБЕНСКОГО МУНИЦИПАЛЬНОГО РАЙОНА РЕСПУБЛИКИ МОРДОВИЯ НА 2022 ГОД И НА ПЛАНОВЫЙ ПЕРИОД 2023 и 2024 ГОДОВ
A9: Код | B9: Наименование кода группы, подгруппы, статьи, вида источника финансирования дефицитов бюджетов, кода классификации операций сектора государственного управления, относящихся к источникам финансирования дефицитов бюджетов Российской Федерации | C9: Сумма (тыс. руб.)
C10: 2022 год | D10: 2023 год | E10: 2024 год
A11: 1 | B11: 2 | C11: 3 | D11: 4 | E11: 5
A12: 000 01 00 00 00 00 0000 000 | B12: ИСТОЧНИКИ ВНУТРЕННЕГО ФИНАНСИРОВАНИЯ ДЕФИЦИТОВ БЮДЖЕТОВ | C12: =C13+C18+C23+C29+C39 -> 3741.3 | D12: =D13+D18+D23+D29+D39 -> -32.2 | E12: =E13+E18+E23+E29+E39 -> -41.6
A13: 000 01 01 00 00 00 0000 000 | B13: Государственные (муниципальные) ценные бумаги, номинальная стоимость которых указана в валюте Российской Федерации | C13: =C14+C16 -> 0 | D13: =D14+D16 -> 0 | E13: =E14+E16 -> 0
A14: 000 01 01 00 00 00 0000 700 | B14: Размещение государственных (муниципальных) ценных бумаг, номинальная стоимость которых указана в валюте Российской Федерации | C14: =C15 -> 0 | D14: =D15 -> 0 | E14: =E15 -> 0
A15: 000 01 01 00 00 10 0000 710 | B15: Размещение муниципальных ценных бумаг сельских поселений, номинальная стоимость которых указана в валюте Российской Федерации
A16: 000 01 01 00 00 00 0000 800 | B16: Погашение государственных (муниципальных) ценных бумаг, номинальная стоимость которых указана в валюте Российской Федерации | C16: =C17 -> 0 | D16: =D17 -> 0 | E16: =E17 -> 0
A17: 000 01 01 00 00 10 0000 810 | B17: Погашение муниципальных ценных бумаг сельских поселений, номинальная стоимость которых указана в валюте Российской Федерации
A18: 000 01 02 00 00 00 0000 000 | B18: Кредиты кредитных организаций в валюте Российской Федерации | C18: =C19+C21 -> 0 | D18: =D19+D21 -> 0 | E18: =E19+E21 -> 0
A19: 000 01 02 00 00 00 0000 700 | B19: Получение кредитов от кредитных организаций в валюте Российской Федерации | C19: =C20 -> 0 | D19: =D20 -> 0 | E19: =E20 -> 0
A20: 000 01 02 00 00 10 0000 710 | B20: Получение кредитов от кредитных организаций бюджетами сельских поселений в валюте Российской Федерации
A21: 000 01 02 00 00 00 0000 800 | B21: Погашение кредитов, предоставленных кредитными организациями в валюте Российской Федерации | C21: =C22 -> 0 | D21: =D22 -> 0 | E21: =E22 -> 0
A22: 000 01 02 00 00 10 0000 810 | B22: Погашение бюджетами сельских поселений кредитов от кредитных организаций в валюте Российской Федерации
A23: 000 01 03 00 00 00 0000 000 | B23: Бюджетные кредиты из других бюджетов бюджетной системы Российской Федерации | C23: =C24 -> -21.9 | D23: =D24 -> -32.2 | E23: -41.6
A24: 000 01 03 01 00 00 0000 000 | B24: Бюджетные кредиты от других бюджетов бюджетной системы Российской Федерации в валюте Российской Федерации | C24: =C25+C27 -> -21.9 | D24: =D25+D27 -> -32.2 | E24: -41.6
A25: 000 01 03 01 00 00 0000 700 | B25: Получение бюджетных кредитов от других бюджетов бюджетной системы Российской Федерации в валюте Российской Федерации | C25: =C26 -> 0 | D25: =D26 -> 0 | E25: =E26 -> 0
A26: 000 01 03 01 00 10 0000 710 | B26: Получение кредитов от других бюджетов бюджетной системы Российской Федерации бюджетами поселений в валюте Российской Федерации
A27: 000 01 03 01 00 00 0000 800 | B27: Погашение бюджетных кредитов от других бюджетов бюджетной системы Российской Федерации в валюте Российской Федерации | C27: =C28 -> -21.9 | D27: =D28 -> -32.2 | E27: -41.6
A28: 000 01 03 01 00 10 0000 810 | B28: Погашение кредитов от других бюджетов бюджетной системы Российской Федерации бюджетами поселений в валюте Российской Федерации | C28: -21.9 | D28: -32.2 | E28: -41.6
A29: 000 01 05 00 00 00 0000 000 | B29: Изменение остатков средств на счетах по учету средств бюджетов | C29: =C30+C35 -> 3763.2 | D29: 0 | E29: 0
A30: 000 01 05 00 00 00 0000 500 | B30: Увеличение остатков средств бюджетов | C30: =C31 -> -3998.5 | D30: =D31 -> -2171.1 | E30: =E31 -> -2292.4
A31: 000 01 05 02 00 00 0000 500 | B31: Увеличение прочих остатков средств бюджетов | C31: =C32 -> -3998.5 | D31: =D32 -> -2171.1 | E31: =E32 -> -2292.4
A32: 000 01 05 02 01 00 0000 510 | B32: Увеличение прочих остатков денежных средств бюджетов | C32: =C33 -> -3998.5 | D32: =D33 -> -2171.1 | E32: =E33 -> -2292.4
A33: 000 01 05 02 01 10 0000 510 | B33: Увеличение прочих остатков денежных средств бюджетов поселений | C33: =-'Приложение 2'!C33 -> -3998.5 | D33: =-'Приложение 2'!D33 -> -2171.1 | E33: =-'Приложение 2'!E33 -> -2292.4
A35: 000 01 05 00 00 00 0000 600 | B35: Уменьшение остатков средств бюджетов | C35: =C36 -> 7761.7 | D35: =D36 -> 1113.5 | E35: =E36 -> 5631.9
A36: 000 01 05 02 00 00 0000 600 | B36: Уменьшение прочих остатков средств бюджетов | C36: =C37 -> 7761.7 | D36: =D37 -> 1113.5 | E36: =E37 -> 5631.9
A37: 000 01 05 02 01 00 0000 610 | B37: Уменьшение прочих остатков денежных средств бюджетов | C37: =C38 -> 7761.7 | D37: =D38 -> 1113.5 | E37: =E38 -> 5631.9
A38: 000 01 05 02 01 10 0000 610 | B38: Уменьшение прочих остатков денежных средств бюджетов поселений | C38: ='Приложение 3'!J7-'Приложение 8'!C28 -> 7761.7 | D38: 1113.5 | E38: ='Приложение 3'!L7-'Приложение 8'!E28 -> 5631.9
A39: 000 01 06 00 00 00 0000 000 | B39: Иные источники внутреннего финансирования дефицитов бюджетов | C39: =C40 -> 0 | D39: =D40 -> 0 | E39: =E40 -> 0
A40: 000 01 06 04 00 00 0000 000 | B40: Исполнение государственных и муниципальных гарантий | C40: =C41 -> 0 | D40: =D41 -> 0 | E40: =E41 -> 0
A41: 000 01 06 04 01 00 0000 000 | B41: Исполнение государственных и муниципальных гарантий в валюте Российской Федерации | C41: 0 | D41: 0 | E41: 0
A42: 000 01 06 04 01 10 0000 810 | B42: Исполнение муниципальных гарантий поселений в валюте Российской Федерации в случае, если исполнение гарантом муниципальных гарантий поселений ведет к возникновению права регрессного требования гаранта к принципиалу либо обусловлено уступкой гаранту прав требования бенефициара к принципалу | C42: 0 | D42: 0 | E42: 0
B43: Привлечение средств | C43: =C19+C25 -> 0 | D43: =D19+D25 -> 0 | E43: =E19+E25 -> 0
B44: Погашение основной суммы задолженности | C44: =C28 -> -21.9 | D44: =D28 -> -32.2 | E44: =E28 -> -41.6

Sheet Приложение 9
F1: Приложение 9 к решению Совета депутатов Дубенского сельского поселения Дубенского муниципального района Республики Мордовия «О бюджете Дубенского сельского поселения Дубенского муниципального района Республики Мордовия на 2022 год и на плановый период 2023 и 2024 годов»
A8: ПРОГРАММА МУНИЦИПАЛЬНЫХ ВНУТРЕННИХ ЗАИМСТВОВАНИЙ ДУБЕНСКОГО СЕЛЬСКОГО ПОСЕЛЕНИЯ ДУБЕНСКОГО МУНИЦИПАЛЬНОГО РАЙОНА РЕСПУБЛИКИ МОРДОВИЯ НА 2022 ГОД И НА ПЛАНОВЫЙ ПЕРИОД 2023 И 2024 ГОДОВ
A10: № п/п | B10: Виды заимствований | F10: Сумма (тыс. рублей)
F11: 2022 год | G11: 2023 год | I11: 2024 год
A12: 1 | B12: Кредиты кредитных организаций в валюте Российской Федерации | F12: =F14+F15 -> 0 | G12: =G14+G15 -> 0 | I12: =I14+I15 -> 0
B13: в том числе:
B14: Объем привлечения
B15: Объем средств, направляемых на погашение основной суммы долга
A16: 2 | B16: Бюджетные кредиты от других бюджетов бюджетной системы Российской Федерации | F16: =F18+F19 -> -21.9 | G16: =G18+G19 -> -32.2 | I16: =I18+I19 -> -41.6
B17: в том числе:
B18: Объем привлечения
B19: Объем средств, направляемых на погашение основной суммы долга | F19: ='Приложение 8'!C27 -> -21.9 | G19: ='Приложение 8'!D27 -> -32.2 | H19: ='Приложение 8'!E27 -> -41.6 | I19: ='Приложение 8'!E28 -> -41.6 | J19: ='Приложение 8'!G27 -> 0
B20: ВСЕГО | F20: =F12+F16 -> -21.9 | G20: =G12+G16 -> -32.2 | I20: =I12+I16 -> -41.6

Sheet Приложение 10
G1: Приложение 10 к решению Совета депутатов Дубенсккого сельского поселения Дубенского муниципального района Республики Мордовия «О бюджете Дубенского сельского поселения Дубенского муниципального района Республики Мордовия на 2022 год и на плановый период 2023 и 2024 годов»
A7: ПРОГРАММА МУНИЦИПАЛЬНЫХ ГАРАНТИЙ ДУБЕНСКОГО СЕЛЬСКОГО ПОСЕЛЕНИЯ ДУБЕНСКОГО МУНИЦИПАЛЬНОГО РАЙОНА РЕСПУБЛИКИ МОРДОВИЯ В ВАЛЮТЕ РОССИЙСКОЙ ФЕДЕРАЦИИ НА 2022 ГОД И НА ПЛАНОВЫЙ ПЕРИОД 2023 И 2024 ГОДОВ
A8: 1. Перечень подлежащих предоставлению муниципальных гарантий Дубенского сельского поселения Дубенского муниципального района Республики Мордовия в 2022 году и в плановом периоде 2023 и 2024 годов
A10: Направления гарантирования, наименование принципала | B10: Цель гарантирования | F10: Сумма гарантирования (тыс. рублей) | J10: Наличие права регрессного требования
F11: 2022 год | G11: 2023 год | H11: 2024 год
A12: - | B12: - | F12: 0 | G12: 0 | H12: 0 | J12: -
A14: 2. Общий объем бюджетных ассигнований, предусмотренных на исполнение муниципальных гарантий Дубенского сельского поселения Дубенского муниципального района Республики Мордовия по возможным гарантийным случаям в 2022 году и в плановом периоде 2023 и 2024 годов
A16: Исполнение муниципальных гарантий Дубенского сельского поселения Дубенского муниципального района Республики Мордовия за счет источников финансирования дефицита бюджета Дубенского сельского поселения Дубенского муниципального района Республики Мордовия | B16: Объем бюджетных ассигнований на исполнение муниципальных гарантий Алексеевского сельского поселения Чамзинского муниципального района Республики Мордовия по возможным гарантийным случаям (в тыс. рублей)
B17: 2022 год | H17: 2023 год | J17: 2024 год
B18: Наименова-ние принципала | D18: Цель гарантиро-вания | F18: Сумма | G18: Наличие права регрессного требования
A19: ВСЕГО: в том числе: | B19: - | D19: - | F19: 0 | G19: - | H19: 0 | J19: 0
